Map: Ulrena

Players

LilDicky

  • Race: Terran Terran
  • League: Diamond

Scherzo - Winner!

  • Race: Zerg Zerg
  • League: Diamond

VOD

http://www.twitch.tv/tumescentpie

Description

Time

  • Played on: Dec. 20, 2015, 3:16 p.m.
  • Length: 9:40
Show
View Real Time Build Order
Export as new Build Order

LilDicky Terran 

Build Orders:  

Get SALT Encoding   

  12  0:05  SCV  
  13  0:17  SCV  
  13  0:21  Supply Depot  
  14  0:29  SCV  
  14  0:35  Refinery  
  16  0:42  SCV  
  16  0:46  Barracks  
  16  1:01  SCV  
  17  1:13  SCV  
  18  1:32  Command Center  
  18  1:39  Marine  
  18  1:40  Supply Depot  
  18  1:42  SCV  
  19  1:58  Orbital Command  
  19  2:05  Marine  
  20  2:16  Factory  
  20  2:23  Marine  
  20  2:25  SCV  
  22  2:35  Refinery  
  22  2:37  SCV  
  22  2:42  Marine  
  24  2:49  SCV  
  25  2:59  Factory Tech Lab, Marine  
  25  3:01  Bunker  
  25  3:03  Starport  
  27  3:12  Orbital Command  
  26  3:13  SCV  
  26  3:17  Marine  
  28  3:23  Siege Tank  
  31  3:31  SCV  
  32  3:35  Marine  
  32  3:36  Supply Depot  
  33  3:42  Medivac  
  33  3:46  SCV  
  36  3:50  SCV  
  36  3:54  Marine  
  38  4:01  Supply Depot, SCV  
  39  4:08  Widow Mine  
  41  4:12  Medivac, Marine  
  41  4:15  SCV  
  45  4:19  SCV  
  46  4:27  SCV, Supply Depot  
  46  4:30  Marine  
  48  4:40  SCV x2  
  48  4:45  Siege Tank  
  53  4:46  Medivac  
  53  4:48  Marine  
  53  4:50  Supply Depot  
  56  5:05  Marine  
  57  5:08  SCV x2  
  59  5:16  Command Center  
  59  5:17  Supply Depot, Siege Tank  
  56  5:23  Marine  
  56  5:41  Marine  
  45  5:50  Bunker  
  45  5:52  Siege Tank  
  45  5:53  Medivac  
  47  5:58  SCV  
  47  5:59  Marine  
  40  6:17  SCV x2, Marine  
  39  6:29  SCV x2  
  39  6:31  Orbital Command  
  41  6:34  Marine  
  42  6:40  Liberator  
  42  6:41  SCV, Barracks  
  42  6:42  Barracks x2  
  42  6:47  SCV  
  44  6:49  Bunker  
  44  6:52  Marine  
  44  6:53  SCV  
  49  7:10  Marine  
  49  7:11  SCV x2  
  52  7:18  Supply Depot  
  52  7:21  Supply Depot  
  51  7:23  Supply Depot  
  51  7:28  Marine  
  42  7:45  Liberator  
  42  7:46  Marine  
  40  7:57  Marine x2  
  40  7:58  SCV x2  
  44  7:59  Marine  
  44  8:04  Marine  
  49  8:07  Barracks  
  49  8:08  SCV  
  49  8:10  SCV, Barracks  
  51  8:14  SCV  
  51  8:15  Marine  
  55  8:20  SCV  
  55  8:21  Barracks Tech Lab  
  55  8:22  SCV  
  55  8:23  Barracks Tech Lab  
  55  8:24  Marine  
  55  8:26  SCV  
  57  8:32  Marine  
  58  8:40  Engineering Bay  
  58  8:42  Marine  
  59  8:50  Marine  
  60  8:59  Marine  
  61  9:05  Marine x4  
  61  9:08  Marine  
  63  9:13  SCV  
  63  9:14  SCV  
  59  9:17  Marine  
Show
View Real Time Build Order
Export as new Build Order

Scherzo Zerg - Winner!

Build Orders: Hatch First 

Get SALT Encoding   

  12  0:02  Drone  
  13  0:08  Drone  
  14  0:17  Overlord  
  15  0:35  Drone x2  
  15  0:36  Drone  
  17  0:55  Hatchery  
  17  0:56  Drone  
  17  1:00  Drone  
  18  1:09  Drone  
  19  1:18  Spawning Pool  
  18  1:21  Drone  
  18  1:24  Extractor  
  18  1:38  Drone  
  19  1:40  Drone  
  20  1:50  Drone  
  20  2:04  Queen  
  20  2:05  Overlord  
  20  2:07  Queen  
  24  2:08  Zergling x2  
  25  2:15  Zergling x2  
  25  2:19  Drone  
  27  2:23  Drone  
  28  2:30  Drone  
  28  2:31  Metabolic Boost  
  28  2:34  Drone  
  30  2:42  Drone  
  31  2:45  Drone  
  31  2:46  Queen  
  31  2:50  Drone  
  35  2:57  Drone  
  36  3:01  Overlord  
  36  3:12  Overlord  
  36  3:19  Drone, Queen  
  40  3:20  Drone x4  
  43  3:29  Zergling x2  
  43  3:32  Zergling x2  
  45  3:36  Spore Crawler  
  45  3:38  Spore Crawler  
  43  3:50  Zergling x2  
  43  3:53  Hatchery, Overlord  
  43  3:58  Zergling x2  
  43  4:07  Baneling Nest  
  42  4:14  Drone x5  
  42  4:15  Drone x2  
  42  4:17  Evolution Chamber  
  48  4:19  Spine Crawler  
  47  4:28  Spore Crawler  
  47  4:29  Zergling x4  
  48  4:35  Zergling x6  
  51  4:45  Zerg Ground Armor Level 1  
  51  4:50  Baneling x4  
  51  4:51  Baneling x3  
  51  4:56  Overlord x2  
  51  4:59  Extractor  
  49  5:00  Extractor, Zergling x4  
  49  5:01  Zergling x2  
  49  5:05  Overlord  
  51  5:10  Zergling x4  
  53  5:19  Zergling x2  
  53  5:20  Zergling x8  
  52  5:25  Zergling x4  
  51  5:32  Zergling x4  
  51  5:33  Zergling x2  
  52  5:36  Zergling x4  
  52  5:37  Queen, Zergling x2  
  52  5:38  Drone  
  54  5:46  Drone  
  50  5:50  Zergling x4  
  50  5:51  Drone  
  50  5:53  Queen  
  53  6:00  Spine Crawler  
  51  6:05  Drone x3  
  51  6:10  Drone x2  
  53  6:15  Drone  
  53  6:16  Queen  
  53  6:19  Queen  
  53  6:21  Drone  
  53  6:23  Drone  
  53  6:25  Drone  
  58  6:32  Overlord  
  58  6:33  Queen  
  58  6:36  Drone  
  61  6:40  Drone  
  61  6:42  Drone x2  
  61  6:43  Drone  
  65  6:47  Baneling  
  65  6:48  Baneling x4  
  65  6:53  Zerg Melee Weapons Level 1  
  65  6:54  Zergling x2  
  65  6:58  Zergling x4  
  68  7:03  Lair  
  68  7:04  Zergling x2  
  68  7:06  Zergling x2  
  68  7:07  Zergling x2  
  71  7:08  Zergling x2  
  71  7:09  Zergling x2  
  71  7:11  Baneling x3  
  71  7:12  Baneling  
  73  7:19  Zergling x2  
  73  7:32  Zergling x2  
  73  7:36  Zergling x4  
  74  7:42  Spore Crawler  
  71  7:44  Spore Crawler  
  71  7:45  Spine Crawler  
  71  7:49  Drone  
  71  7:50  Drone x7  
  71  7:51  Zergling x2  
  74  8:04  Overlord x2  
  74  8:05  Spire  
  73  8:06  Hatchery  
  73  8:09  Centrifical Hooks  
  73  8:11  Overlord  
  72  8:17  Evolution Chamber  
  71  8:20  Spine Crawler  
  71  8:22  Spine Crawler  
  71  8:23  Drone x6, Spine Crawler  
  71  8:24  Overseer, Zergling x2  
  75  8:29  Extractor  
  75  8:30  Extractor  
  75  8:32  Drone  
  74  8:41  Baneling x2  
  74  8:42  Baneling x7  
  74  8:43  Baneling  
  74  8:44  Zergling x8  
  78  8:51  Zergling x8  
  75  9:16  Zergling x2  
  70  9:17  Zergling x18  
  70  9:20  Baneling  
  70  9:21  Baneling x6  
  70  9:22  Zergling x4  
Tags
 
Add a new tag
Caveats
  • Supply blocks, unpowered buildings, or Contaminate may cause inaccurate times.
  • Supply counts are checked every 10 seconds.